 Dungeon Crawl Stone Soup version 0.21-a0-201-g8501b10 (webtiles) character file.

24343 Lavandula the Nimble (level 13, -30/99 HPs)
             Began as a Ghoul Ice Elementalist on Aug 18, 2017.
             Was an Elder of Hepliaklqana.
             Killed from afar by a merfolk aquamancer (52 damage)
             ... with a shard of ice
             ... on level 1 of the Shoals.
             The game lasted 01:14:42 (7109 turns).

Lavandula the Nimble (Ghoul Ice Elementalist)       Turns: 7109, Time: 01:14:43

Health: -30/99     AC:  9    Str: 13    XL:     13   Next: 12%
Magic:  2/21       EV: 16    Int: 13    God:    Hepliaklqana [****..]
Gold:   215        SH:  5    Dex: 10    Spells: 2/24 levels left

rFire    + . .     SeeInvis .     - Unarmed
rCold    . . .     Gourm    .   J - +0 buckler
rNeg     + + +     Faith    .   E - +0 troll leather armour
rPois    ∞         Spirit   .   f - +0 helmet
rElec    +         Reflect  .   P - +0 cloak of the Shining Light {rElec Stlth+}
rCorr    .         Harm     .   (no gloves)
MR       .....                  G - +2 pair of boots
Stlth    +++.......             M - amulet of regeneration
HPRegen  0.00/turn              h - ring of wizardry
MPRegen  0.17/turn              j - ring of fire

@: rotting
A: rotting body, reduced essence, claws 1, carnivore 3, cold resistance 1,
negative energy resistance 3, inhibited regeneration, torment resistance,
unbreathing
a: Recall Ancestor, Ancestor Identity, Transference, Idealise, Renounce Religion


You were on level 1 of the Shoals.
You worshipped Hepliaklqana.
Hepliaklqana was greatly pleased with you.
You were not hungry.

You visited 5 branches of the dungeon, and saw 17 of its levels.

You collected 1120 gold pieces.
You spent 905 gold pieces at shops.

Inventory:

Missiles
 N - 4 javelins (quivered)
 V - a throwing net
Armour
 a - a +0 robe
 f - a +0 helmet (worn)
 x - a scarf of spirit shield
 B - the +3 ring mail of Past Mistakes {*Slow rPois Str+3}
   (You found it on level 8 of the Dungeon)

   It affects your strength (+3).
   It protects you from poison.
   It may slow you when you take damage.
 E - a +0 troll leather armour (worn)
 G - a +2 pair of boots (worn)
 J - a +0 buckler (worn)
 P - the +0 cloak of the Shining Light (worn) {rElec Stlth+}
   (You bought it in a shop on level 2 of the Orcish Mines)

   It insulates you from electricity.
   It makes you more stealthy.
 T - the +1 leather armour of Serendipity {MR+ Int+2}
   (You bought it in a shop on level 2 of the Orcish Mines)

   It affects your intelligence (+2).
   It affects your resistance to hostile enchantments.
Jewellery
 g - the amulet of the Ban {+Rage Dex+4}
   (You found it on level 8 of the Dungeon)

   [amulet of rage]

   It affects your dexterity (+4).
   It lets you go berserk.
 h - a ring of wizardry (left claw)
 i - an uncursed ring of fire
 j - a ring of fire (right claw)
 k - an uncursed ring of protection from cold
 z - an uncursed ring of magical power
 D - an uncursed ring of protection from cold
 M - an amulet of regeneration (around neck)
Wands
 d - a wand of flame (13/48)
 o - a wand of lightning (3/15)
 F - a wand of lightning (0/15)
 R - a wand of random effects (11/48)
 U - a wand of enslavement (18/24)
Scrolls
 e - 2 scrolls of fog
 l - 7 scrolls of remove curse
 m - 3 scrolls of magic mapping {unknown}
 p - 2 scrolls of blinking {unknown}
 q - a scroll of fear {unknown}
 u - 2 scrolls of teleportation
 w - a scroll of recharging {unknown}
 y - a scroll of enchant armour {unknown}
 A - a scroll of amnesia {unknown}
 C - a scroll of vulnerability {unknown}
 Q - a scroll of enchant weapon {unknown}
Potions
 r - a potion of degeneration
 s - a potion of brilliance
 H - a potion of might {unknown}
 I - a potion of flight {unknown}
 K - a potion of berserk rage {unknown}
 L - a potion of heal wounds
 O - 3 potions of curing
 S - a potion of haste
Books
 b - a book of Frost

   Spells                             Type                      Level
   a - Freeze                         Ice                          1
   b - Throw Frost                    Conjuration/Ice              2
   c - Ozocubu's Armour               Charms/Ice                   3
   d - Throw Icicle                   Conjuration/Ice              4
   e - Summon Ice Beast               Ice/Summoning                4
 t - a book of Minor Magic

   Spells                             Type                      Level
   a - Magic Dart                     Conjuration                  1
   b - Blink                          Translocation                2
   c - Call Imp                       Summoning                    2
   d - Slow                           Hexes                        2
   e - Conjure Flame                  Conjuration/Fire             3
   f - Mephitic Cloud                 Conjuration/Poison/Air       3
Comestibles
 c - 3 meat rations
 v - a royal jelly


   Skills:
 - Level 9.3 Fighting
 - Level 9.7 Dodging
 - Level 3.8 Stealth
 - Level 6.0 Shields
 + Level 8.5 Unarmed Combat
 - Level 6.1 Spellcasting
 - Level 3.2 Conjurations
 - Level 3.6 Summonings
 - Level 3.1 Translocations
 - Level 2.0 Fire Magic
 - Level 7.4 Ice Magic
 - Level 4.3 Poison Magic
 - Level 2.1 Invocations
 - Level 4.1 Evocations


You had 2 spell levels left.
You knew the following spells:

 Your Spells              Type           Power        Failure   Level  Hunger
a - Freeze                Ice            ###.         1%          1    None
b - Throw Frost           Conj/Ice       ###...       1%          2    #......
c - Ozocubu's Armour      Chrm/Ice       ##......     6%          3    ###....
d - Summon Ice Beast      Ice/Summ       ###.....     9%          4    ####...
e - Blink                 Tloc           N/A          3%          2    #......
f - Mephitic Cloud        Conj/Pois/Air  ##......     9%          3    ###....
g - Conjure Flame         Conj/Fire      ###.....     9%          3    ###....
h - Throw Icicle          Conj/Ice       ###.....     9%          4    ####...


Dungeon Overview and Level Annotations

Branches:
Dungeon (10/15)            Temple (1/1) D:6            Lair (3/6) D:10
 Shoals (1/4) Lair:3        Snake (0/4) Lair:3          Orc (2/2) D:10
    Elf (0/3) Orc:2

Altars:
Ashenzari
Gozag
Hepliaklqana
Makhleb
Nemelex Xobeh
Okawaru
Ru
Sif Muna
Uskayaw
Vehumet
Yredelemnul
The Shining One

Shops:
D:9 %   Orc:2 *[*[

Annotations:
D:3 exclusion: worm, Terence
D:5 exclusion: ogre
D:6 Edmund
D:8 exclusion: two-headed ogre


Innate Abilities, Weirdness & Mutations

Your body is rotting away.
You thrive on raw meat.
You are immune to poison.
You have sharp fingernails.
You are carnivorous and can eat meat at any time.
Your flesh is cold resistant. (rC+)
You are immune to negative energy. (rN+++)
You do not regenerate when monsters are visible.
You are immune to unholy pain and torment.
You can survive without breathing.
Your life essence is reduced to manifest your ancestor. (-10% HP)


Message History

The merfolk aquamancer seems less confused.
The merfolk aquamancer casts a spell at you.
The shard of ice hits you!
* * * LOW HITPOINT WARNING * * *
Casting: Mephitic Cloud
Confirm with . or Enter, or press ? or * to list all spells.
Aiming: Mephitic Cloud
Press: ? - help, Shift-Dir - straight line, f/p - merfolk aquamancer
Aim: a merfolk aquamancer, wielding a rapier of venom and wearing a robe (severely wounded)
The ball explodes into a vile cloud!
The stinking cloud engulfs the merfolk aquamancer.
The merfolk aquamancer is severely wounded.
The merfolk aquamancer is engulfed in noxious fumes.
Unknown command.
Okay, then.
The merfolk aquamancer is engulfed in noxious fumes.
The merfolk aquamancer points at you and mumbles some strange words.
The shard of ice hits you!
Ouch! That really hurt!
You die...

.≈≈≈≈≈≈≈≈≈≈≈≈≈ ≈≈≈≈≈≈≈≈..##
#≈≈≈≈≈≈.≈≈≈≈≈..
≈≈≈≈≈≈≈≈≈≈..##.≈≈≈≈...≈≈≈≈...
≈≈≈≈≈≈≈≈≈≈≈....≈≈≈.###.≈≈≈..#
≈≈≈≈≈≈≈≈≈≈≈≈≈. #..÷≈..#
≈≈≈≈≈≈≈≈≈≈≈≈. ###.≈..#
≈≈≈≈≈≈≈≈≈≈§## #.##.≈.[
≈≈≈≈≈≈≈≈≈§§§### #.m..≈≈.
≈≈≈≈≈≈≈≈.≈§.m@.### ##.E≈≈≈≈≈
≈≈≈≈≈≈≈≈.≈≈≈.....# ##.≈≈≈≈≈≈≈
≈≈≈≈≈≈≈≈≈≈≈≈≈≈≈..####..≈≈≈≈≈≈≈
≈≈≈≈≈≈≈≈≈...........>≈≈≈≈≈≈≈≈≈
≈≈≈≈≈≈≈≈........###..≈≈≈≈≈≈≈≈≈
≈≈≈≈≈≈P≈≈..≈≈≈..# #.≈≈≈≈≈≈≈≈≈≈
≈≈≈≈≈≈≈≈≈≈≈≈≈≈≈.###.≈≈≈≈≈≈≈≈≈≈
≈≈≈≈≈≈≈.##.≈≈≈≈≈.#..(≈≈≈≈≈≈≈≈≈
≈≈≈≈.P...##≈≈≈.≈≈≈.(≈≈≈≈≈≈≈≈≈≈


You could see a merfolk aquamancer.

Vanquished Creatures
  A stone giant (Orc:1)
  An ogre mage (Orc:2)
  4 two-headed ogres (Orc:2)
  A merfolk aquamancer (Shoals:1)
  2 trolls (Orc:2)
  A wind drake (Shoals:1)
  2 merfolk
  A dream sheep (Shoals:1)
  3 yaks (D:10)
  2 water elementals (Shoals:1)
  A hungry ghost (D:9)
  A warg (Orc:1)
  A hell hound (D:10)
  2 water moccasins
  A porcupine (Lair:3)
  An ice beast (D:8)
  5 orc warriors
  2 sky beasts
  A black bear (Lair:2)
  5 ogres (Orc:2)
  2 centaurs
  A big kobold (D:10)
  5 bullfrogs
  A scorpion (D:9)
  2 crimson imps
  2 hounds
  3 orc priests
  2 bullfrog skeletons
  3 orc wizards
  A worker ant (D:5)
  An iguana (D:8)
  A hound zombie (D:6)
  2 hound skeletons (D:4)
  A howler monkey zombie (D:9)
  3 gnolls
  3 adders
  An ooze (D:6)
  2 adder zombies
  An adder skeleton (D:4)
  A worm (D:6)
  A dart slug (D:3)
  A leopard gecko (D:4)
  16 orcs
  3 giant cockroaches
  3 goblins
  3 hobgoblins
  5 jackals (D:3)
  2 ball pythons
  2 bats (D:3)
  A frilled lizard (D:2)
  5 kobolds
  A leopard gecko zombie (D:5)
  A rat (D:3)
120 creatures vanquished.

Vanquished Creatures (collateral kills)
  An ogre mage (Orc:2)
  5 two-headed ogres (Orc:2)
  A merfolk aquamancer (Shoals:1)
  Urug (D:10)
  An iron troll (Orc:2)
  A deep troll (Orc:2)
  A sea snake (Shoals:1)
  3 orc sorcerers (Orc:2)
  A manticore (Shoals:1)
  3 cyclopes
  A water nymph (Shoals:1)
  2 spiny frogs (Lair:1)
  A merfolk (Shoals:1)
  6 trolls
  Prince Ribbit (D:6)
  2 dream sheep (Shoals:1)
  5 yaks
  2 water elementals (Shoals:1)
  A wyvern (D:10)
  A warg (Orc:1)
  A water moccasin (Lair:3)
  5 orc warriors
  A hell hound (D:10)
  21 ogres
  A phantom (D:10)
  2 centaurs (Lair:3)
  3 big kobolds (D:10)
  A bullfrog (D:6)
  3 gnoll sergeants
  A centaur zombie (D:10)
  3 hounds
  2 jellies
  5 orc priests
  A centaur skeleton (D:10)
  6 orc wizards
  A worker ant (D:9)
  7 gnolls
  An adder (D:9)
  A leopard gecko (D:9)
  16 orcs
  4 jackals (D:9)
  A quokka (D:9)
127 creatures vanquished.

Vanquished Creatures (others)
  A merfolk aquamancer (Shoals:1)
  A merfolk (Shoals:1)
  27 battlemagi
  2 ancestors
  An orc (Orc:2)
32 creatures vanquished.

Grand Total: 279 creatures vanquished

Notes
Turn   | Place    | Note
-------+----------+-------------------------------------------
     0 | D:1      | Lavandula the Ghoul Ice Elementalist began the quest for the Orb.
     0 | D:1      | Reached XP level 1. HP: 14/14 MP: 2/2
    76 | D:2      | Reached XP level 2. HP: 19/20 MP: 0/4
    93 | D:2      | Learned a level 2 spell: Throw Frost
   356 | D:3      | Reached skill level 1 in Unarmed Combat
   356 | D:3      | Reached XP level 3. HP: 18/26 MP: 1/5
   361 | D:3      | Learned a level 3 spell: Ozocubu's Armour
   690 | D:4      | Reached XP level 4. HP: 14/33 MP: 0/7
   764 | D:4      | Found an opulent altar of Gozag.
   837 | D:4      | Learned a level 4 spell: Summon Ice Beast
   851 | D:4      | Reached XP level 5. HP: 30/38 MP: 7/9
   916 | D:3      | Noticed Terence
   939 | D:5      | Entered Level 5 of the Dungeon
   970 | D:5      | Reached skill level 1 in Summonings
  1110 | D:5      | Reached XP level 6. HP: 31/45 MP: 3/10
  1298 | D:5      | Learned a level 2 spell: Blink
  1421 | D:6      | Noticed a sky beast
  1435 | D:6      | Killed a sky beast
  1446 | D:6      | Found a staircase to the Ecumenical Temple.
  1452 | Temple   | Entered the Ecumenical Temple
  1467 | Temple   | Became a worshipper of Hepliaklqana the Forgotten
  1595 | D:6      | Found a burning altar of Makhleb.
  1595 | D:6      | Found a shattered altar of Ashenzari.
  1633 | D:6      | Reached skill level 5 in Spellcasting
  1633 | D:6      | Reached XP level 7. HP: 37/45 MP: 7/13
  1638 | D:6      | Learned a level 3 spell: Mephitic Cloud
  1651 | D:6      | Noticed Edmund
  1733 | D:6      | Noticed Prince Ribbit
  1744 | D:6      | Reached skill level 1 in Poison Magic
  1769 | D:6      | Killed Prince Ribbit
  1899 | D:8      | Got a bloodstained ring mail
  1919 | D:8      | Identified the +3 ring mail of Past Mistakes {*Slow rPois Str+3} (You found it on level 8 of the Dungeon)
  1949 | D:8      | Reached * piety under Hepliaklqana
  1968 | D:8      | Reached skill level 1 in Translocations
  1968 | D:8      | Reached XP level 8. HP: 40/50 MP: 11/14
  2023 | D:8      | Noticed a two-headed ogre
  2079 | D:8      | Got a glittering sapphire amulet
  2080 | D:8      | Identified the amulet of the Ban {+Rage Dex+4} (You found it on level 8 of the Dungeon)
  2282 | D:9      | Noticed a vampire
  2283 | D:9      | Reached skill level 1 in Conjurations
  2359 | D:9      | Found Cyxyzuri's Food Boutique.
  2716 | D:10     | Entered Level 10 of the Dungeon
  2754 | D:10     | Noticed a yak
  2769 | D:10     | Killed a yak
  2769 | D:10     | Reached skill level 5 in Unarmed Combat
  2769 | D:10     | Reached XP level 9. HP: 30/55 MP: 3/15
  2891 | D:9      | Reached ** piety under Hepliaklqana
  2892 | D:9      | Remembered your ancestor Si-Tayit as a battlemage
  2897 | D:9      | Learned a level 3 spell: Conjure Flame
  3294 | D:10     | Reached skill level 1 in Fighting
  3370 | D:10     | Reached skill level 5 in Fighting
  3401 | D:10     | Found a staircase to the Orcish Mines.
  3401 | D:10     | Noticed a troll
  3518 | D:10     | Found a staircase to the Lair.
  3573 | D:10     | Reached XP level 10. HP: 52/74 MP: 3/16
  3678 | D:10     | Reached skill level 5 in Dodging
  3743 | D:10     | Reached skill level 1 in Shields
  3760 | D:10     | Noticed Urug
  3776 | D:10     | Killed Urug
  3803 | Orc:1    | Entered Level 1 of the Orcish Mines
  3983 | Orc:1    | Reached *** piety under Hepliaklqana
  4040 | Orc:2    | Entered Level 2 of the Orcish Mines
  4040 | Orc:2    | Noticed an orc sorcerer
  4143 | Orc:2    | Noticed a two-headed ogre
  4148 | Orc:2    | Found a staircase to the Elven Halls.
  4156 | Orc:2    | Killed a two-headed ogre
  4173 | Orc:2    | Noticed a rust devil
  4261 | Orc:2    | Reached skill level 5 in Ice Magic
  4296 | Orc:2    | Noticed a sixfirhy
  4298 | Orc:2    | Killed an orc sorcerer
  4298 | Orc:2    | Reached XP level 11. HP: 80/80 MP: 3/17
  4329 | Orc:2    | Noticed an orc sorcerer
  4337 | Orc:2    | Noticed an orc sorcerer
  4338 | Orc:2    | Killed an orc sorcerer
  4345 | Orc:2    | Killed an orc sorcerer
  4350 | Orc:2    | Noticed an ogre mage
  4362 | Orc:2    | Killed an ogre mage
  4367 | Orc:2    | Noticed a two-headed ogre
  4436 | Orc:2    | Killed a two-headed ogre
  4491 | Orc:2    | Noticed a two-headed ogre
  4498 | Orc:2    | Killed a two-headed ogre
  4509 | Orc:2    | Noticed a two-headed ogre
  4526 | Orc:1    | Noticed a stone giant
  4662 | Orc:1    | Killed a stone giant
  4766 | Orc:2    | Killed a two-headed ogre
  4829 | Orc:2    | Noticed a two-headed ogre
  4884 | Orc:2    | Killed a two-headed ogre
  5105 | Orc:2    | Noticed an iron troll
  5370 | Orc:2    | Noticed a cyclops
  5453 | Orc:1    | Reached XP level 12. HP: 38/93 MP: 0/18
  5669 | Orc:2    | Killed an iron troll
  5679 | Orc:2    | Noticed a two-headed ogre
  5688 | Orc:2    | Killed a two-headed ogre
  5703 | Orc:2    | Found Fikuijio's General Store.
  5705 | Orc:2    | Found Puecen's Armour Shop.
  5706 | Orc:2    | Found Sufaomyt's Assorted Antiques.
  5706 | Orc:2    | Noticed a two-headed ogre
  5824 | Orc:2    | Noticed a two-headed ogre
  5939 | Orc:2    | Killed a two-headed ogre
  5948 | Orc:2    | Killed a two-headed ogre
  5983 | Orc:2    | Noticed a two-headed ogre
  6125 | Orc:2    | Killed a two-headed ogre
  6154 | Orc:2    | Found Umerhyer's Antique Armour Shop.
  6156 | Orc:2    | Bought a scroll of fog for 26 gold pieces
  6156 | Orc:2    | Bought a scroll of remove curse for 39 gold pieces
  6156 | Orc:2    | Bought 2 potions of curing for 78 gold pieces
  6158 | Orc:2    | Noticed an ogre mage
  6202 | Orc:2    | Killed an ogre mage
  6217 | Orc:2    | Bought an ichor-stained cloak for 218 gold pieces
  6227 | Orc:2    | Identified the +0 cloak of the Shining Light {rElec Stlth+} (You bought it in a shop on level 2 of the Orcish Mines)
  6238 | Orc:2    | Bought a scroll labeled CUARAW PIMUZAE for 35 gold pieces
  6238 | Orc:2    | Bought a silver wand for 140 gold pieces
  6243 | Orc:2    | Bought a potion of haste for 130 gold pieces
  6243 | Orc:2    | Bought a scroll of teleportation for 39 gold pieces
  6243 | Orc:2    | Bought a scroll of teleportation for 39 gold pieces
  6249 | Orc:2    | Bought a heavily runed leather armour for 161 gold pieces
  6259 | Orc:2    | Identified the +1 leather armour of Serendipity {MR+ Int+2} (You bought it in a shop on level 2 of the Orcish Mines)
  6399 | Lair:1   | Entered Level 1 of the Lair of Beasts
  6596 | Lair:3   | Reached skill level 1 in Invocations
  6604 | Lair:3   | Reached **** piety under Hepliaklqana
  6608 | Lair:3   | Found a staircase to the Shoals.
  6643 | Lair:3   | Found a staircase to the Snake Pit.
  6664 | Lair:3   | Learned a level 4 spell: Throw Icicle
  6670 | Shoals:1 | Entered Level 1 of the Shoals
  6671 | Shoals:1 | Noticed a merfolk aquamancer
  6684 | Shoals:1 | Killed a merfolk aquamancer
  6684 | Shoals:1 | Reached skill level 1 in Evocations
  6765 | Shoals:1 | Noticed a merfolk aquamancer
  6765 | Shoals:1 | Noticed a merfolk aquamancer
  6766 | Shoals:1 | Noticed a merfolk aquamancer
  6788 | Shoals:1 | Noticed a merfolk aquamancer
  6933 | Shoals:1 | Killed a merfolk aquamancer
  6933 | Shoals:1 | Reached XP level 13. HP: 83/99 MP: 4/21
  7109 | Shoals:1 | Killed from afar by a merfolk aquamancer

Vault maps used:
D:1:      co_arrival_hexagon_in_a_hexagon, grunt_decor_cap, minivault_14
D:2:      marbit_many_paths, nicolae_overflow_crystal_walls, grunt_ministairs_4,
          uniq_jessica
D:3:      roderic_serpentine_path, uniq_terence
D:4:      grunt_gozag_statues, uniq_pikel
D:5:      first_bread
D:6:      gammafunk_temple_overflow_statue, minmay_temple_entry_enclosed_plants,
          uniq_edmund, uniq_prince_ribbit1
D:7:      the_bakery, uniq_menkaure
D:9:      serial_shops, nicolae_shop_statue_plus, kennysheep_big_empty_room,
          kennysheep_generic_room_7
D:10:     minmay_lair_entry_lava, kennysheep_orc_monster_closet_entryway,
          serial_curves, eino_curves_03, eino_curves_04, eino_curves_04,
          st_stairs_14, uniq_psyche, uniq_urug
Temple:   eino_narrow_crystal_temple
Lair:1:   minivault_19
Lair:2:   hangedman_lair_generics_rect, grunt_megastairs_4
Lair:3:   minmay_shoals_entry_centaurs, guppyfry_snake_entry_garden
Shoals:1: nicolae_shoals_aquamancer_cove
Orc:2:    st_orc_open

Skill      XL: |  1  2  3  4  5  6  7  8  9 10 11 12 13 |
---------------+----------------------------------------+-----
Spellcasting   | 2 3 5 6 |  6.1
Unarmed Combat | 1 2 5 7 8 |  8.5
Summonings     | 2 3 |  3.6
Poison Magic   | 4 |  4.3
Translocations | 1 3 |  3.1
Conjurations   | 3 |  3.2
Fighting       | 6 9 |  9.3
Dodging        | 3 5 7 9 |  9.7
Shields        | 6 |  6.0
Ice Magic      | 6 7 |  7.4
Fire Magic     | 2 |  2.0
Invocations    | 2 |  2.1
Evocations     | 4 |  4.1
Stealth        | 3 |  3.8

Action                   |  1- 3 |  4- 6 |  7- 9 | 10-12 | 13-15 || total
-------------------------+-------+-------+-------+-------+-------++-------
Melee: Unarmed           |    71 |    94 |   105 |   252 |    17 ||   539
       Punch             |     1 |       |     5 |     1 |       ||     7
Throw: Javelin           |       |       |       |     4 |       ||     4
 Cast: Freeze            |    36 |    27 |    40 |    12 |       ||   115
       Ozocubu's Armour  |     1 |     2 |     9 |     4 |     1 ||    17
       Summon Ice Beast  |       |     2 |    22 |    68 |     1 ||    93
       Mephitic Cloud    |       |       |     2 |    14 |     7 ||    23
       Conjure Flame     |       |       |     1 |       |       ||     1
Invok: Recall Ancestor   |       |       |     1 |     4 |       ||     5
       Ancestor Life: Ba |       |       |     1 |       |       ||     1
Evoke: Wand              |       |       |       |     7 |     1 ||     8
  Use: Scroll            |       |     4 |     3 |     1 |     1 ||     9
       Potion            |       |       |     2 |     3 |     2 ||     7
 Stab: Sleeping          |     2 |     3 |     3 |     3 |       ||    11
       Distracted        |       |       |     1 |     3 |       ||     4
       Confused          |       |       |       |     3 |       ||     3
  Eat: Chunk             |    16 |    20 |    17 |    80 |     7 ||   140
Armor: Robe              |    16 |    25 |    48 |    18 |       ||   107
       Troll leather arm |       |       |       |    27 |     5 ||    32
Dodge: Dodged            |    56 |    73 |   101 |   157 |    11 ||   398
Block: Buckler           |       |       |       |    49 |     6 ||    55
